 Dungeon Crawl Stone Soup version 0.29-a0-1065-g47a6bb87d6 (webtiles) character file.

Game seed: 16192644127791680470

65 Zeldest the Caller (level 4, -5/36 HPs)
             Began as a Meteoran Summoner on Aug 18, 2022.
             Killed from afar by a white imp (9 damage)
             ... with a puff of frost
             ... on level 4 of the Dungeon.
             The game lasted 00:05:39 (836 turns).

Zeldest the Caller (Meteoran Summoner)               Turns: 836, Time: 00:05:39

Health: -5/36      AC:  2    Str:  9    XL:     4   Next: 60%
Magic:  9/10       EV: 13    Int: 18    God:
Gold:   154        SH:  0    Dex: 21    Spells: 4/10 levels left

rFire   . . .      SeeInvis .   c - +0 dagger
rCold   . . .      Faith    .   (no shield)
rNeg    . . .      Spirit   .   a - +0 robe
rPois   .          Reflect  .   (no helmet)
rElec   .          Harm     .   (no cloak)
rCorr   .          Rampage  .   (no gloves)
Will    .....                   (no boots)
Stlth   +.........              (no amulet)
HPRegen 0.12/turn               d - +6 ring of dexterity
MPRegen 0.12/turn               (no ring)

@: flying, glowing
A: sense surroundings 1, otherworldly, glowing, explore regen
a: no special abilities


You were on level 4 of the Dungeon.
You visited 1 branch of the dungeon, and saw 4 of its levels.

You collected 154 gold pieces.

Inventory:

Hand Weapons
 c - a +0 dagger (weapon)
Armour
 a - a +0 robe (worn)
Jewellery
 d - a +6 ring of dexterity (left hand)
Wands
 l - a wand of paralysis (7)
Scrolls
 e - a scroll of teleportation {unknown}
 g - 4 scrolls of identify {unknown}
 h - 2 scrolls of vulnerability {unknown}
 i - a scroll of amnesia {unknown}
 j - a scroll of summoning {unknown}
 k - a scroll of butterflies {unknown}
 n - a scroll of enchant weapon {unknown}
Potions
 b - a potion of magic
 f - a potion of curing
 m - a potion of heal wounds {unknown}
 o - a potion of mutation {unknown}
 p - a potion of flight


   Skills:
 + Level 2.1 Fighting
 - Level 2.4 Dodging
 - Level 1.4 Stealth
 + Level 3.8 Spellcasting
 + Level 5.5 Summonings


You had 4 spell levels left.
You knew the following spells:

 Your Spells              Type           Power      Damage    Failure   Level
a - Call Imp              Summ           23%        N/A       2%          2
b - Summon Small Mammal   Summ           92%        N/A       1%          1
c - Call Canine Familiar  Summ           23%        N/A       4%          3

Your spell library contained the following spells:

 Spells                   Type           Power      Damage    Failure   Level
 Summon Guardian Golem    Hex/Summ       13%        N/A       14%         3
 Magic Dart               Conj           12%        1d3       16%         1
 Searing Ray              Conj           6%         2d4       22%         2
 Summon Lightning Spire   Summ/Air       13%        N/A       43%         4
 Fulminant Prism          Conj/Hex       1%         3d6       83%         4


Dungeon Overview and Level Annotations

Branches:
Dungeon (4/15) Zot: 1562
 Temple: D:4-7

Altars:

Shops:
D:4 *


Innate Abilities, Weirdness & Mutations

You passively map a small area around you.
You are easily found by Zot.
You glow in the dark.
You regain HP and MP as you explore.


Message History

The hound bites you.
Okay, then.
Okay, then.
You closely miss the hound.
The ball python bites you but does no damage.
The ball python grabs you. The ball python constricts you.
Your quokka barely misses the hound.
Your quokka closely misses the hound.
The hound bites you but does no damage. The white imp gestures at you.
The puff of frost hits you!
* * * LOW HITPOINT WARNING * * *
The ball python bites you.
* * * LOW HITPOINT WARNING * * *
The ball python constricts you.
* * * LOW HITPOINT WARNING * * *
It was a potion of curing.
You feel better. The hound barely misses you.
Your quokka barely misses the hound.
Your quokka closely misses the hound.
The ball python bites you.
* * * LOW HITPOINT WARNING * * *
The ball python constricts you.
The endoplasm closely misses your quokka.
Your quokka bites the hound but does no damage.
The hound closely misses you.
You escape the ball python's grasp.
The white imp attacks as you move away! The white imp closely misses you.
Your quokka barely misses the hound.
Your quokka misses the hound.
Your crimson imp blinks!
The hound bites you but does no damage.
It was a potion of flight.
You feel very buoyant.
You fly up into the air.
An adder comes into view.
Your quokka bites the hound but does no damage.
The hound closely misses you. The ball python bites you.
* * * LOW HITPOINT WARNING * * *
The ball python barely misses you.
Your hound completely misses the hound.
Your crimson imp barely misses the hound.
The white imp gestures at you. The puff of frost hits you!
You die...

*** ......# .###... *
#. #....# .....#
.$#####...##....#
.......##........#..
.......##..........,
.##.............?## ,
,.W.........r5r....# ,
....W.......hSJ...# #*
,
,......#.##Wh@5.)..#.##
,
......#.....##........
,
..........####........
.....8....#.##<.......
#.....................
#..8<∩.8..#.......##..
.>#.....###..........
...[.8... #..........#
......... ...........#,


You could see a phantom, a hound (ally target), a white imp, an endoplasm, a
ball python, a friendly hound (summoned), a friendly crimson imp (summoned) and
2 friendly quokkas.

Vanquished Creatures
  An adder (D:2)
  A dart slug (D:3)
  A giant cockroach (D:2)
  A goblin (D:3)
  2 hobgoblins
  2 kobolds (D:1)
  A ball python (D:2)
  2 frilled lizards
  2 rats
13 creatures vanquished.

Vanquished Creatures (collateral kills)
  An adder (D:3)
  An ufetubus (D:3)
  A dart slug (D:3)
  4 endoplasms
  A giant cockroach (D:1)
  2 goblins
  A hobgoblin (D:2)
  A quokka (D:3)
  A ball python (D:1)
  2 bats
  3 frilled lizards
  4 kobolds
  3 rats
25 creatures vanquished.

Grand Total: 38 creatures vanquished

Notes
Turn   | Place    | Note
-------+----------+-------------------------------------------
     0 | D:1      | Zeldest the Meteoran Summoner began the quest for the Orb.
     0 | D:1      | Reached XP level 1. HP: 14/14 MP: 5/5
    49 | D:1      | Reached XP level 2. HP: 22/22 MP: 4/6
    52 | D:1      | Learned a level 2 spell: Call Imp
   114 | D:1      | Reached skill level 5 in Summonings
   184 | D:1      | Reached skill level 1 in Fighting
   237 | D:1      | Found a faded altar of an unknown god.
   253 | D:2      | Reached XP level 3. HP: 28/28 MP: 8/8
   508 | D:3      | Learned a level 3 spell: Call Canine Familiar
   620 | D:3      | Reached XP level 4. HP: 36/36 MP: 7/10
   811 | D:4      | Found Rabusch's Assorted Antiques.
   819 | D:4      | Noticed a phantom
   832 | D:4      | HP: 1/36 [constriction (1)]
   836 | D:4      | Killed from afar by a white imp

Illustrated notes

Levels and vault maps discovered:
D:1:      onia_arrival_handbag, layout_rooms, ebering_ecumenical_altar_rust,
          hangedman_decor_growths
D:2:      layout_loops_corners
D:3:      layout_rooms, fountainhead
D:4:      layout_cave_pools, serial_shops, nicolae_shop_statue_plus,
          nicolae_shop_advertising_works [nicolae_subvault_shop_adworks],
          nicolae_lakefront_shop

Skill      XL: |  1  2  3  4 |
---------------+-------------+-----
Spellcasting   | 3 |  3.8
Summonings     | 5 |  5.5
Fighting       | 1 2 |  2.1
Dodging        | |  2.4
Stealth        | |  1.4

Action                   |  1- 3 |  4- 6 || total
-------------------------+-------+-------++-------
Melee: Dagger            |    36 |     7 ||    43
 Cast: Summon Small Mamm |     8 |     2 ||    10
       Call Imp          |    13 |     2 ||    15
       Call Canine Famil |     1 |     3 ||     4
  Use: Potion            |       |     2 ||     2
 Stab: Sleeping          |     2 |       ||     2
Armor: Robe              |    14 |     6 ||    20
Dodge: Dodged            |    34 |    18 ||    52

Table legend: (Time is in decaauts)
 A = Elapsed time spent in this place.
 B = Non-inter-level travel time spent in this place.
 C = Inter-level travel time spent in this place.
 D = Time resting spent in this place.
 E = Time spent auto-exploring this place.
 F = Levels seen in this place.
 G = Mean time per level.
                   A        B        C        D        E       F      G
               +--------+--------+--------+--------+--------+-----+--------+
         Total |    837 |    812 |     25 |      0 |      0 |   4 |  209.2 |
       Dungeon |    837 |    812 |     25 |      0 |      0 |   4 |  209.2 |
               +--------+--------+--------+--------+--------+-----+--------+

Top non-repeatable levels by time:
     D:3: 315 daAuts
     D:1: 250 daAuts
     D:2: 244 daAuts
     D:4: 26 daAuts
